 Dungeon Crawl Stone Soup version 0.26.0-16-gc1dbca0489 (webtiles) character file.

Game seed: 9835789239012607207

44 vvl the Firebug (level 3, -3/24 HPs)
             Began as a Demonspawn Fire Elementalist on Jan 20, 2021.
             Slain by a killer bee zombie (6 damage)
             ... on level 2 of the Dungeon.
             The game lasted 00:06:02 (2234 turns).

vvl the Firebug (Demonspawn Fire Elementalist)      Turns: 2234, Time: 00:06:03

Health: -3/24      AC:  2    Str:  8    XL:     3   Next: 41%
Magic:  5/6        EV: 12    Int: 17    God:
Gold:   95         SH:  0    Dex: 13    Spells: 5/6 levels left

rFire    . . .     SeeInvis .   j - +0 short sword
rCold    . . .     Faith    .   (no shield)
rNeg     . . .     Spirit   .   a - +0 robe
rPois    .         Reflect  .   (no helmet)
rElec    .         Harm     .   (no cloak)
rCorr    .         Rampage  .   (no gloves)
Will     .....                  (no boots)
Stlth    ++........             (no amulet)
HPRegen  0.08/turn              (no ring)
MPRegen  0.10/turn              (no ring)

@: no status effects
A: powered by death 1
a: no special abilities


You were on level 2 of the Dungeon.
You visited 1 branch of the dungeon, and saw 2 of its levels.

You collected 95 gold pieces.

Inventory:

Hand Weapons
 j - a +0 short sword (weapon)
Armour
 a - a +0 robe (worn)
 e - a +0 ring mail
Scrolls
 d - a scroll of enchant armour {unknown}
 f - 2 scrolls of teleportation {unknown}
 g - a scroll of identify {unknown}
 h - a scroll of magic mapping {unknown}
 i - a scroll of enchant weapon {unknown}
Potions
 b - 2 potions of might {unknown}
 c - a potion of curing {unknown}
 k - a potion of lignification {unknown}


   Skills:
 + Level 1.0 Armour
 - Level 1.7 Dodging
 - Level 1.7 Stealth
 + Level 2.3 Spellcasting
 + Level 1.6 Conjurations
 + Level 1.3 Necromancy
 + Level 3.0 Fire Magic


You had 5 spell levels left.
You knew the following spells:

 Your Spells              Type           Power        Failure   Level
a - Foxfire               Conj/Fire      40%          7%          1

Your spell library contained the following spells:

 Spells                   Type           Power        Failure   Level
 Conjure Flame            Conj/Fire      10%          22%         3
 Inner Flame              Hex/Fire       7%           30%         3
 Sticky Flame             Conj/Fire      10%          56%         4
 Fireball                 Conj/Fire      5%           89%         5


Dungeon Overview and Level Annotations

Branches:
Dungeon (2/15)

Altars:
Trog


Innate Abilities, Weirdness & Mutations

You regenerate a little health from kills.


Message History

The jackal barely misses you.
The jackal bites you but does no damage.
A ball python comes into view.
Casting: Foxfire (safe; 7% risk of failure)
Confirm with . or Enter, or press ? or * to list all spells.
You conjure some foxfire!
The jackal bites you.
* * * LOW HITPOINT WARNING * * *
The jackal bites you.
* * * LOW HITPOINT WARNING * * *
You open the door.
The foxfire hits the killer bee zombie.
The killer bee zombie is lightly damaged.
The foxfire hits the jackal.
The jackal is moderately wounded.
The jackal bites you.
* * * LOW HITPOINT WARNING * * *
The killer bee zombie closely misses you.
The ball python hisses angrily.
The gnoll barely misses you. The jackal barely misses you.
The killer bee zombie hits you.
You die...

≈.# ≈.# ≈.# ≈.## ≈.8####
###≈...... #.#.≈≈≈≈≈≈
#.@############
#Zhggg.........
.......######.#.#########
.....S. #.....g..........
.......#..g###._#########
.......#.. #..# .......#.
##'# .......# .. #......
>..


You could see 3 gnolls, a killer bee zombie, a jackal and a ball python.

Vanquished Creatures
  An ooze (D:1)
  2 dart slugs (D:1)
  A ball python (D:1)
  3 bats (D:1)
  2 giant cockroaches (D:1)
  3 goblins (D:1)
  2 hobgoblins (D:1)
  6 jackals
  2 frilled lizards (D:1)
  9 kobolds (D:1)
  3 rats (D:1)
34 creatures vanquished.

Vanquished Creatures (others)
  97 foxfires
97 creatures vanquished.

Grand Total: 131 creatures vanquished

Notes
Turn   | Place    | Note
-------+----------+-------------------------------------------
     0 | D:1      | vvl the Demonspawn Fire Elementalist began the quest for
                  | the Orb.
     0 | D:1      | Reached XP level 1. HP: 13/13 MP: 3/3
   934 | D:1      | Gained mutation: You regenerate a little health from kills.
                  | [demonic ancestry]
   934 | D:1      | Reached XP level 2. HP: 19/19 MP: 0/5
  1246 | D:1      | Reached skill level 1 in Necromancy
  1523 | D:1      | Reached skill level 3 in Fire Magic
  1523 | D:1      | Reached XP level 3. HP: 18/24 MP: 0/6
  1660 | D:1      | Reached skill level 1 in Armour
  2193 | D:2      | Found a bloodstained altar of Trog.
  2234 | D:2      | Slain by a killer bee zombie

Illustrated notes

Levels and vault maps discovered:
D:1:      nagdon_arrival_zigzag_paths, layout_basic, minmay_misc_feat_doors,
          hangedman_decor_slide_cut
D:2:      cheibrodos_greedy_goblins, layout_basic, okawaru_trees_1,
          overflow_temple_1_default, kennysheep_pointless_box, minivault_23

Skill      XL: |  1  2  3 |
---------------+----------+-----
Necromancy     | 1 |  1.3
Fire Magic     | 3 |  3.0
Armour         | 1 |  1.0
Dodging        | |  1.7
Stealth        | |  1.7
Spellcasting   | |  2.3
Conjurations   | |  1.6

Action                   || total
-------------------------++-------
Melee: Unarmed           ||    63
       Short sword       ||    20
 Cast: Foxfire           ||    56
 Stab: Distracted        ||     1
Armor: Robe              ||    29
Dodge: Dodged            ||   104
